| TOP OF THE 1ST |
|
Quad Cities Angels batting - Pitching for Burlington Bees : RHP Paul Soth
|
|
Pitching: RHP Paul Soth
|
|
|
Batting: SHB Frank Diaz
|
0-0: Called Strike 0-1: Called Strike 0-2: SINGLE (Line Drive, 7LS, EV 96.3 MPH)
|
|
Batting: RHB Mike Sharperson
|
0-0: Ball 1-0: Ball Frank Diaz steals 2nd base 2-0: Foul Ball, location: 2F 2-1: Foul Ball, location: 2F 2-2: Hit by Pitch
|
|
Batting: LHB Bob Helsom
|
0-0: Swinging Strike 0-1: Foul Ball, location: 2F 0-2: Strikes out swinging
|
|
Batting: RHB Rolando Roomes
|
0-0: Ball Frank Diaz steals 3rd base 1-0: Fielders Choice at 2nd, 6-4 (Groundball, 6M, EV 81.9 MPH) Frank Diaz scores
|
|
Batting: SHB Danny Montero
|
0-0: Ball 1-0: Ball 2-0: Fly out, F7 (Flyball, 78M, EV 87.5 MPH)
|
| Top of the 1st over - 1 run, 1 hit, 0 errors, 1 left on base; Quad Cities 1 - Burlington 0 |
| BOTTOM OF THE 1ST |
|
Burlington Bees batting - Pitching for Quad Cities Angels : RHP Junior Phillips
|
|
Pitching: RHP Junior Phillips
|
|
|
Batting: SHB Horace Ransom
|
0-0: Ground out 5-3 (Groundball, 5S, EV 68.1 MPH)
|
|
Batting: LHB Frank Hardy
|
0-0: Ball 1-0: Called Strike 1-1: Called Strike 1-2: Fly out, F8 (Line Drive, 8RM, EV 106.3 MPH)
|
|
Batting: LHB Herm Winningham
|
0-0: Ball 1-0: Swinging Strike 1-1: Swinging Strike 1-2: Ground out 4-3 (Groundball, 4, EV 85.6 MPH)
|
| Bottom of the 1st over - 0 runs, 0 hits, 0 errors, 0 left on base; Quad Cities 1 - Burlington 0 |
| TOP OF THE 2ND |
|
Quad Cities Angels batting - Pitching for Burlington Bees : RHP Paul Soth
|
|
Batting: LHB Chuck Sandberg
|
0-0: Ball 1-0: Ball 2-0: Swinging Strike 2-1: Foul Ball, location: 2F 2-2: Ball 3-2: Ground out 3-1 (Groundball, 34S, EV 86.3 MPH)
|
|
Batting: RHB Greg Griffin
|
0-0: Ball 1-0: Ball 2-0: Ball 3-0: Called Strike 3-1: Ground out 1-3 (Groundball, 34S, EV 73.8 MPH)
|
|
Batting: RHB Carlos Rios
|
0-0: Ball 1-0: Ground out 5-3 (Groundball, 5L, EV 96.3 MPH)
|
| Top of the 2nd over - 0 runs, 0 hits, 0 errors, 0 left on base; Quad Cities 1 - Burlington 0 |
| BOTTOM OF THE 2ND |
|
Burlington Bees batting - Pitching for Quad Cities Angels : RHP Junior Phillips
|
|
Batting: LHB Keith Hagman
|
0-0: Ground out 4-3 (Groundball, 4, EV 103.1 MPH)
|
|
Batting: RHB Bob Hicks
|
0-0: Ball 1-0: Called Strike 1-1: Foul Ball, location: 2F 1-2: Strikes out looking
|
|
Batting: RHB Kenneth Patterson
|
0-0: Ball 1-0: Swinging Strike 1-1: Fly out, F7 (Flyball, 7LM, EV 95.0 MPH)
|
| Bottom of the 2nd over - 0 runs, 0 hits, 0 errors, 0 left on base; Quad Cities 1 - Burlington 0 |
| TOP OF THE 3RD |
|
Quad Cities Angels batting - Pitching for Burlington Bees : RHP Paul Soth
|
|
Batting: RHB Bruce Benedict
|
0-0: Called Strike 0-1: Fly out, F8 (Flyball, 89D, EV 101.3 MPH)
|
|
Batting: SHB Frank Diaz
|
0-0: Called Strike 0-1: Foul Ball, location: 2F 0-2: Ball 1-2: Foul Ball, location: 2F 1-2: Foul Ball, location: 2F 1-2: Fly out, F9 (Flyball, 9LD, EV 87.5 MPH)
|
|
Batting: RHB Mike Sharperson
|
0-0: Called Strike 0-1: Foul Ball, location: 2F 0-2: Ball 1-2: SINGLE (Groundball, 56S, EV 63.1 MPH) (infield hit)
|
|
Batting: LHB Bob Helsom
|
0-0: Ball 1-0: Ball 2-0: Foul Ball, location: 2F 2-1: Called Strike 2-2: Strikes out swinging
|
| Top of the 3rd over - 0 runs, 1 hit, 0 errors, 1 left on base; Quad Cities 1 - Burlington 0 |
| BOTTOM OF THE 3RD |
|
Burlington Bees batting - Pitching for Quad Cities Angels : RHP Junior Phillips
|
|
Batting: RHB Mike Quade
|
0-0: Called Strike 0-1: Called Strike 0-2: Ball 1-2: Foul Ball, location: 2F 1-2: Ball 2-2: Foul Ball, location: 2F 2-2: Strikes out swinging
|
|
Batting: RHB Nick Hernandez
|
0-0: Ball 1-0: Ball 2-0: Ball 3-0: Base on Balls
|
|
Batting: RHB Mike Morse
|
0-0: Fly out, F9 (Flyball, 9S, EV 85.0 MPH)
|
|
Batting: SHB Horace Ransom
|
0-0: Ground out 2-3 (Groundball, 2L, EV 68.1 MPH)
|
| Bottom of the 3rd over - 0 runs, 0 hits, 0 errors, 1 left on base; Quad Cities 1 - Burlington 0 |
| TOP OF THE 4TH |
|
Quad Cities Angels batting - Pitching for Burlington Bees : RHP Paul Soth
|
|
Batting: RHB Rolando Roomes
|
0-0: Called Strike 0-1: Ball 1-1: Called Strike 1-2: Ball 2-2: Strikes out looking
|
|
Batting: SHB Danny Montero
|
0-0: Called Strike 0-1: Ball 1-1: Ball 2-1: SINGLE (Flyball, 6D, EV 91.9 MPH)
|
|
Batting: LHB Chuck Sandberg
|
0-0: Ball Danny Montero steals 2nd base (no throw) 1-0: Fly out, F8 (Flyball, 78D, EV 90.6 MPH) Runner from 2nd tags up, SAFE at 3rd with throw by CF
|
|
Batting: RHB Greg Griffin
|
0-0: Ball 1-0: Foul Ball, location: 2F 1-1: Foul Ball, location: 2F 1-2: Foul Ball, location: 2F 1-2: Ball 2-2: Ball 3-2: Fly out, F6 (Popup, 6MS, EV 76.3 MPH)
|
| Top of the 4th over - 0 runs, 1 hit, 0 errors, 1 left on base; Quad Cities 1 - Burlington 0 |
| BOTTOM OF THE 4TH |
|
Burlington Bees batting - Pitching for Quad Cities Angels : RHP Junior Phillips
|
|
Batting: LHB Frank Hardy
|
0-0: DOUBLE (Line Drive, 7D, EV 92.5 MPH)
|
|
Batting: LHB Herm Winningham
|
0-0: Ball 1-0: Foul Ball, location: 2F 1-1: Foul Ball, location: 2F 1-2: Foul Ball, location: 2F 1-2: Ball 2-2: Ball 3-2: Strikes out swinging
|
|
Batting: LHB Keith Hagman
|
0-0: Ball 1-0: Ground out 4-3 (Groundball, 4, EV 100.6 MPH) Frank Hardy to third
|
|
Batting: RHB Bob Hicks
|
0-0: Ball 1-0: Ball 2-0: Fly out, F8 (Flyball, 8RXD, EV 102.5 MPH)
|
| Bottom of the 4th over - 0 runs, 1 hit, 0 errors, 1 left on base; Quad Cities 1 - Burlington 0 |
| TOP OF THE 5TH |
|
Quad Cities Angels batting - Pitching for Burlington Bees : RHP Paul Soth
|
|
Batting: RHB Carlos Rios
|
0-0: Foul Ball, location: 2F 0-1: Ball 1-1: Swinging Strike 1-2: Foul Ball, location: 2F 1-2: Fly out, F8 (Flyball, 78M, EV 90.6 MPH)
|
|
Batting: RHB Bruce Benedict
|
0-0: Swinging Strike 0-1: Ball 1-1: SINGLE (Line Drive, 8LS, EV 104.4 MPH)
|
|
Batting: SHB Frank Diaz
|
0-0: Called Strike 0-1: Foul Ball, location: 2F 0-2: Ball 1-2: Foul Ball, location: 2F 1-2: Hit by Pitch Bruce Benedict to second
|
|
Batting: RHB Mike Sharperson
|
0-0: Foul Ball, location: 2F 0-1: Swinging Strike 0-2: SINGLE (Groundball, 6MD, EV 108.1 MPH) (infield hit) Bruce Benedict to third Frank Diaz to second
|
|
Batting: LHB Bob Helsom
|
0-0: Ball 1-0: Ball 2-0: Fly out, F7 (Flyball, 7D, EV 90.0 MPH) Runner from 3rd tags up, SCORES, no throw by LF
|
|
Batting: RHB Rolando Roomes
|
0-0: Ground out 4-3 (Groundball, 4, EV 84.4 MPH)
|
| Top of the 5th over - 1 run, 2 hits, 0 errors, 2 left on base; Quad Cities 2 - Burlington 0 |
| BOTTOM OF THE 5TH |
|
Burlington Bees batting - Pitching for Quad Cities Angels : RHP Junior Phillips
|
|
Batting: RHB Kenneth Patterson
|
0-0: Called Strike 0-1: Swinging Strike 0-2: Ball 1-2: Ball 2-2: Foul Ball, location: 2F 2-2: Ball 3-2: SINGLE (Flyball, 56D, EV 92.5 MPH)
|
|
Batting: RHB Mike Quade
|
0-0: Called Strike 0-1: Ball 1-1: Ball 2-1: Bunted foul 2-2: Fly out, F9 (Flyball, 9, EV 92.5 MPH)
|
|
Batting: RHB Nick Hernandez
|
0-0: Ball 1-0: SINGLE (Line Drive, 7LS, EV 97.5 MPH) Kenneth Patterson to second
|
|
Batting: RHB Mike Morse
|
0-0: Called Strike 0-1: Grounds into double play, 6-4-3 (Groundball, 6, EV 95.6 MPH)
|
| Bottom of the 5th over - 0 runs, 2 hits, 0 errors, 1 left on base; Quad Cities 2 - Burlington 0 |
| TOP OF THE 6TH |
|
Quad Cities Angels batting - Pitching for Burlington Bees : RHP Paul Soth
|
|
Batting: SHB Danny Montero
|
0-0: Foul Ball, location: 2F 0-1: Swinging Strike 0-2: Ball 1-2: Ball 2-2: Ball 3-2: Base on Balls
|
|
Batting: LHB Chuck Sandberg
|
0-0: Ball 1-0: Bunted foul 1-1: Bunted foul 1-2: Ball 2-2: Ball 3-2: Fly out, F6 (Popup, 6, EV 38.8 MPH)
|
|
Batting: RHB Greg Griffin
|
0-0: Foul Ball, location: 2F 0-1: Ball 1-1: Ball 2-1: Called Strike 2-2: Grounds into double play, 5-4-3 (Groundball, 56, EV 78.8 MPH)
|
| Top of the 6th over - 0 runs, 0 hits, 0 errors, 0 left on base; Quad Cities 2 - Burlington 0 |
| BOTTOM OF THE 6TH |
|
Burlington Bees batting - Pitching for Quad Cities Angels : RHP Junior Phillips
|
|
Batting: SHB Horace Ransom
|
0-0: Ball 1-0: Called Strike 1-1: Ball 2-1: Called Strike 2-2: Ground out 3-1 (Groundball, 34, EV 79.4 MPH)
|
|
Batting: LHB Frank Hardy
|
0-0: Ball 1-0: Foul Ball, location: 2F 1-1: Swinging Strike 1-2: Ball 2-2: Ball 3-2: Base on Balls
|
|
Batting: LHB Herm Winningham
|
0-0: Ball 1-0: Swinging Strike 1-1: Swinging Strike 1-2: Ball 2-2: Foul Ball, location: 2F 2-2: Foul Ball, location: 2F 2-2: Fielders Choice at 2nd, 6-4 (Groundball, 6M, EV 89.4 MPH)
|
|
Batting: LHB Keith Hagman
|
0-0: Ball 1-0: Ball 2-0: Foul Ball, location: 2F 2-1: Called Strike 2-2: Foul Ball, location: 2F 2-2: Ball 3-2: Foul Ball, location: 2F 3-2: Fly out, F9 (Flyball, 89S, EV 89.4 MPH)
|
| Bottom of the 6th over - 0 runs, 0 hits, 0 errors, 1 left on base; Quad Cities 2 - Burlington 0 |
| TOP OF THE 7TH |
|
Quad Cities Angels batting - Pitching for Burlington Bees : RHP Paul Soth
|
|
Batting: RHB Carlos Rios
|
0-0: Ball 1-0: Fly out, F9 (Flyball, 9S, EV 83.1 MPH)
|
|
Batting: RHB Bruce Benedict
|
0-0: Fly out, F8 (Flyball, 8RD, EV 86.9 MPH)
|
|
Batting: SHB Frank Diaz
|
0-0: Called Strike 0-1: Swinging Strike 0-2: Strikes out looking
|
| Top of the 7th over - 0 runs, 0 hits, 0 errors, 0 left on base; Quad Cities 2 - Burlington 0 |
| BOTTOM OF THE 7TH |
|
Burlington Bees batting - Pitching for Quad Cities Angels : RHP Junior Phillips
|
|
Batting: RHB Bob Hicks
|
0-0: Ball 1-0: Foul Ball, location: 2F 1-1: Fly out, F8 (Flyball, 8LS, EV 83.1 MPH)
|
|
Batting: RHB Kenneth Patterson
|
0-0: Ball 1-0: Ball 2-0: TRIPLE (Line Drive, 78XD, EV 105.6 MPH)
|
|
Batting: RHB Mike Quade
|
0-0: Swinging Strike 0-1: Ball 1-1: Swinging Strike 1-2: Ball 2-2: Ground out 3-1 (Groundball, 34, EV 82.5 MPH) Kenneth Patterson scores
|
|
Batting: RHB Nick Hernandez
|
0-0: Foul Ball, location: 2F 0-1: Called Strike 0-2: Ball 1-2: Ball 2-2: Foul Ball, location: 2F 2-2: Ball 3-2: Foul Ball, location: 2F 3-2: TRIPLE (Flyball, 89XD, EV 97.5 MPH)
|
|
Pinch Hitting: LHB Brian Devalk
|
0-0: Called Strike 0-1: Ball 1-1: Ground out 4-3 (Groundball, 4S, EV 92.5 MPH)
|
| Bottom of the 7th over - 1 run, 2 hits, 0 errors, 1 left on base; Quad Cities 2 - Burlington 1 |
| TOP OF THE 8TH |
|
Quad Cities Angels batting - Pitching for Burlington Bees : RHP Paul Soth
|
|
Now at SS: Ronald Adkins
|
|
|
Batting: RHB Mike Sharperson
|
0-0: Ball 1-0: Foul Ball, location: 2F 1-1: Called Strike 1-2: Ball 2-2: Foul Ball, location: 2F 2-2: Ball 3-2: DOUBLE (Flyball, 7LD, EV 90.6 MPH)
|
|
Batting: LHB Bob Helsom
|
0-0: Intentional Walk
|
|
Batting: RHB Rolando Roomes
|
0-0: Called Strike 0-1: Swinging Strike 0-2: Foul Ball, location: 2F 0-2: Ball 1-2: Strikes out swinging
|
|
Batting: SHB Danny Montero
|
0-0: Called Strike 0-1: Foul Ball, location: 2F 0-2: Foul Ball, location: 2F 0-2: Foul Ball, location: 2F 0-2: Ball 1-2: Ball 2-2: Ball 3-2: Fly out, F7 (Line Drive, 7D, EV 106.9 MPH)
|
|
Batting: LHB Chuck Sandberg
|
0-0: Swinging Strike 0-1: Swinging Strike 0-2: Foul Ball, location: 2F 0-2: Ball 1-2: Strikes out looking
|
| Top of the 8th over - 0 runs, 1 hit, 0 errors, 2 left on base; Quad Cities 2 - Burlington 1 |
| BOTTOM OF THE 8TH |
|
Burlington Bees batting - Pitching for Quad Cities Angels : RHP Junior Phillips
|
|
Batting: SHB Horace Ransom
|
0-0: Ball 1-0: Called Strike 1-1: Ball 2-1: Ball 3-1: Fly out, F6 (Line Drive, 6, EV 68.8 MPH)
|
|
Batting: LHB Frank Hardy
|
0-0: Called Strike 0-1: Ball 1-1: Foul Ball, location: 2F 1-2: Fly out, F8 (Flyball, 8LXD, EV 98.8 MPH)
|
|
Batting: LHB Herm Winningham
|
0-0: Called Strike 0-1: Called Strike 0-2: Foul Ball, location: 2F 0-2: Ball 1-2: Ball 2-2: Ground out 6-3 (Groundball, 6, EV 85.6 MPH)
|
| Bottom of the 8th over - 0 runs, 0 hits, 0 errors, 0 left on base; Quad Cities 2 - Burlington 1 |
| TOP OF THE 9TH |
|
Quad Cities Angels batting - Pitching for Burlington Bees : RHP Paul Soth
|
|
Pitching: RHP Roland Dickerson
|
|
|
Batting: RHB Greg Griffin
|
0-0: Ball 1-0: Ball 2-0: Ball 3-0: Base on Balls
|
|
Batting: RHB Carlos Rios
|
0-0: Sac Bunt to 15 - play at first, batter OUT! 1-4 Greg Griffin to second
|
|
Batting: RHB Bruce Benedict
|
0-0: Called Strike Greg Griffin is caught stealing 3rd base 2-5 0-1: Foul Ball, location: 2F 0-2: SINGLE (Groundball, 3D, EV 104.4 MPH)
|
|
Batting: SHB Frank Diaz
|
0-0: Ball Bruce Benedict is caught stealing 2nd base 2-6
|
| Top of the 9th over - 0 runs, 1 hit, 0 errors, 0 left on base; Quad Cities 2 - Burlington 1 |
| BOTTOM OF THE 9TH |
|
Burlington Bees batting - Pitching for Quad Cities Angels : RHP Junior Phillips
|
|
Pitching: RHP Charles Belk
|
|
|
Now in LF: Brian Butera
|
|
|
Batting: LHB Keith Hagman
|
0-0: Foul Ball, location: 2F 0-1: Foul Ball, location: 2F 0-2: Foul Ball, location: 2F 0-2: Ball 1-2: Ball 2-2: Ball 3-2: Foul Ball, location: 2F 3-2: Foul Ball, location: 2F 3-2: Foul Ball, location: 2F 3-2: Foul Ball, location: 2F 3-2: Base on Balls
|
|
Batting: RHB Bob Hicks
|
0-0: Ball 1-0: Called Strike 1-1: Foul Ball, location: 2F 1-2: Strikes out swinging
|
|
Batting: RHB Kenneth Patterson
|
0-0: Called Strike 0-1: SINGLE (Groundball, 5S, EV 67.5 MPH) (infield hit) Keith Hagman to second
|
|
Batting: RHB Mike Quade
|
0-0: Ball 1-0: Ball 2-0: Foul Ball, location: 2F 2-1: Swinging Strike 2-2: Foul Ball, location: 2F 2-2: Foul Ball, location: 2F 2-2: Ball 3-2: Foul Ball, location: 2F 3-2: Strikes out swinging
|
|
Batting: RHB Nick Hernandez
|
0-0: Ball 1-0: Ball 2-0: Ball 3-0: Called Strike 3-1: Foul Ball, location: 2F 3-2: Fly out, F3 (Popup, 23F, EV 89.4 MPH)
|
| Bottom of the 9th over - 0 runs, 1 hit, 0 errors, 2 left on base; Quad Cities 2 - Burlington 1 |
|